 Dungeon Crawl Stone Soup version 0.31-a0-675-g238779eb0a (webtiles) character file.

Game seed: 1239366334973564033

121 javelincjr the Trooper (level 4, -10/37 HPs)
             Began as a Demonspawn Fighter on Sept 5, 2023.
             Mangled by an ogre
             ... wielding a +0 giant spiked club
              (14 damage)
             ... on level 4 of the Dungeon.
             The game lasted 00:09:16 (2789 turns).

javelincjr the Trooper (Demonspawn Fighter)         Turns: 2789, Time: 00:09:16

Health: -10/37     AC:  9    Str: 18    XL:     4   Next: 77%
Magic:  4/4        EV:  8    Int:  9    God:
Gold:   148        SH:  5    Dex: 19    Spells: 3/3 levels left

rFire   . . .        a - +0 trident
rCold   . . .        c - +0 buckler
rNeg    . . .        o - +0 chain mail
rPois   .            (helmet restricted)
rElec   .            (no cloak)
rCorr   .            (no gloves)
SInv    .            (no boots)
Will    .....        (no amulet) Stlth
                     g - +6 ring of dexterity
HPRegen 0.26/turn    (no ring)
MPRegen 0.09/turn

%: no passive effects
@: mighty
A: antennae 1, ignite blood 1, sturdy frame 1
a: no special abilities


You were on level 4 of the Dungeon.
You visited 1 branch of the dungeon, and saw 4 of its levels.

You collected 148 gold pieces.

Inventory:

Hand Weapons
 a - a +0 trident (weapon)
Missiles
 h - 3 poisoned darts (quivered)
 p - 4 boomerangs
Armour
 b - a +0 scale mail
 c - a +0 buckler (worn)
 o - a +0 chain mail (worn)
Jewellery
 g - a +6 ring of dexterity (left hand)
Wands
 i - a wand of quicksilver (19)
 j - a wand of mindburst (14)
 s - a wand of iceblast (11)
Scrolls
 f - a scroll of amnesia {unknown}
 k - a scroll of vulnerability {unknown}
 q - a scroll of poison {unknown}
 r - a scroll of identify {unknown}
 t - a scroll of butterflies {unknown}
Potions
 d - 3 potions of might
 e - 2 potions of attraction {unknown}
 l - a potion of magic {unknown}
 m - 2 potions of haste {unknown}
 n - 2 potions of invisibility {unknown}
 u - a potion of degeneration {unknown}


   Skills:
 + Level 3.7 Fighting
 + Level 2.7 Polearms
 + Level 3.4 Armour
 + Level 3.4 Shields


You had 3 spell levels left.
You didn't know any spells.
Your spell library was empty.

Dungeon Overview and Level Annotations

Branches:
Dungeon (4/15)
 Temple: D:4-7

Altars:
Xom


Innate Abilities, Weirdness & Mutations

You have a pair of small antennae on your head.
Your demonic aura sometimes causes spilled blood to erupt in flames.
Your movements are slightly less encumbered by armour. (ER -2)


Message History

An ogre comes into view. It is wielding a +0 giant spiked club.
The ogre shouts!
Throw: 7 darts (poison)
Press: ? - help, Q - select action, (/) - cycle Shift-Dir - straight line, f - ogre
Aim: an ogre, wielding a +0 giant spiked club (74% to hit)
You throw a poisoned dart. The poisoned dart hits the ogre.
The ogre is poisoned.
Throw: 6 darts (poison)
Press: ? - help, Q - select action, (/) - cycle Shift-Dir - straight line, f/p - ogre
Aim: an ogre, wielding a +0 giant spiked club (lightly wounded, poisoned, 74% to hit)
You throw a poisoned dart. The poisoned dart hits the ogre.
The ogre looks even sicker.
The ogre is lightly wounded.
Throw: 5 darts (poison)
Press: ? - help, Q - select action, (/) - cycle Shift-Dir - straight line, f/p - ogre
Aim: an ogre, wielding a +0 giant spiked club (lightly wounded, very poisoned, 74% to hit)
You throw a poisoned dart.
The poisoned dart closely misses the ogre.
You barely miss the ogre.
The ogre is lightly wounded.
The ogre hits you with a +0 giant spiked club!
You barely miss the ogre.
The ogre is lightly wounded.
You block the ogre's attack.
You hit the ogre but do no damage.
The ogre is lightly wounded.
The ogre hits you with a +0 giant spiked club!
* * * LOW HITPOINT WARNING * * *
Throw: 4 darts (poison)
Press: ? - help, Q - select action, (/) - cycle Shift-Dir - straight line, f/p - ogre
Aim: an ogre, wielding a +0 giant spiked club (lightly wounded, very poisoned, 74% to hit)
You throw a poisoned dart. The poisoned dart hits the ogre.
The ogre is lightly wounded.
The ogre attacks as it pursues you!
The ogre hits you with a +0 giant spiked club!
* * * LOW HITPOINT WARNING * * *
There is an open door, spattered with blood here.
You feel very mighty all of a sudden.
The ogre hits you with a +0 giant spiked club!
You die...

################
...............#
...((.(........##
#..##≈.≈..
######..##≈.≈#
.........#≈.≈#
........O#≈≈≈#
.........@..<#
........○#...#
..########.### ##
..##..####.###....
...............~
.......<.....>~≈
######.######.≈.
#. .~ ..


You could see an ogre (poisoned).

Vanquished Creatures
  Ijyb (D:3)
  3 adders (D:3)
  2 worms (D:2)
  4 dart slugs
  5 orcs (D:3)
  4 endoplasms
  2 giant cockroaches
  8 goblins
  3 hobgoblins
  3 jackals (D:2)
  A kobold (D:1)
  A quokka (D:3)
  3 bats
  3 frilled lizards
  4 rats
47 creatures vanquished.

Notes
Turn   | Place    | Note
-------+----------+-------------------------------------------
     0 | D:1      | javelincjr the Demonspawn Fighter began the quest for the
                  | Orb.
     0 | D:1      | Reached XP level 1. HP: 18/18 MP: 1/1
   233 | D:1      | Gained mutation: You have a pair of small antennae on your
                  | head. [demonic ancestry]
   233 | D:1      | Reached XP level 2. HP: 24/24 MP: 2/2
   323 | D:1      | Found a faded altar of an unknown god.
  1219 | D:2      | Gained mutation: Your movements are slightly less
                  | encumbered by armour. (ER -2) [demonic ancestry]
  1219 | D:2      | Reached XP level 3. HP: 13/29 MP: 3/3
  2045 | D:3      | Gained mutation: Your demonic aura sometimes causes spilled
                  | blood to erupt in flames. [demonic ancestry]
  2045 | D:3      | Reached XP level 4. HP: 35/35 MP: 4/4
  2045 | D:3      | Found a shimmering altar of Xom.
  2376 | D:3      | Noticed Ijyb
  2399 | D:3      | Killed Ijyb
  2777 | D:4      | Noticed an ogre
  2789 | D:4      | Mangled by an ogre

Illustrated notes

Levels and vault maps discovered:
D:1:      scummos_arrival_forest, layout_loops_corners,
          shapermc_ecumenical_altar_mp_highgroup
D:2:      layout_basic
D:3:      layout_loops_ring, mainiacjoe_overflow_cross_hatched, uniq_ijyb
D:4:      layout_gridville, minmay_temple_entry_mini_moons, serial_rivers,
          chequers_serial_rivers_small_a, chequers_serial_rivers_marsh,
          chequers_serial_rivers_micro_c, chequers_serial_rivers_micro_d,
          chequers_serial_rivers_micro_e, chequers_serial_rivers_micro_d,
          serial_park_tiny_1

Skill      XL: |  1  2 |
---------------+-------+-----
Polearms       | 2 |  2.7
Shields        | 3 |  3.4
Armour         | 3 |  3.4
Fighting       | |  3.7

Action                     |  1- 3 |  4- 6 || total
---------------------------+-------+-------++-------
  Melee: Trident           |   110 |    54 ||   164
  Throw: Dart              |       |    11 ||    11
    Use: Potion            |       |     1 ||     1
 Armour: Scale mail        |    30 |       ||    30
         Chain mail        |    16 |    35 ||    51
  Dodge: Dodged            |    19 |    27 ||    46
  Block: Buckler           |    19 |    18 ||    37

Table legend: (Time is in decaauts)
 A = Elapsed time spent in this place.
 B = Non-inter-level travel time spent in this place.
 C = Inter-level travel time spent in this place.
 D = Time resting spent in this place.
 E = Time spent auto-exploring this place.
 F = Levels seen in this place.
 G = Mean time per level.
                   A        B        C        D        E       F      G
               +--------+--------+--------+--------+--------+-----+--------+
         Total |   2825 |   2669 |    156 |      0 |   2260 |   4 |  706.2 |
       Dungeon |   2825 |   2669 |    156 |      0 |   2260 |   4 |  706.2 |
               +--------+--------+--------+--------+--------+-----+--------+

Top non-repeatable levels by time:
     D:2: 947 daAuts
     D:1: 938 daAuts
     D:3: 915 daAuts
     D:4: 24 daAuts
